 Dungeon Crawl Stone Soup version 0.17.0-27-g4a3f43e (console) character file.

1494463 Kellhus the Slayer (level 27, 295/295 HPs)
             Began as a Centaur Skald on Nov 21, 2015.
             Was a High Priest of Okawaru.
             Escaped with the Orb
             ... and 3 runes!
             The game lasted 03:07:07 (96467 turns).

Kellhus the Slayer (Centaur Skald)                 Turns: 96467, Time: 03:07:08

Health: 295/295    AC: 53    Str: 33    XL:     27
Magic:  28/29      EV: 29    Int: 11    God:    Okawaru [*****.]
Gold:   5310       SH:  0    Dex: 20    Spells: 0 memorised, 29 levels left

rFire  + + +     SeeInvis +     a - +12 Glaive of Prune {chop}
rCold  + + +     Clarity  .     q - +9 plate armour "Lesaruh" {rElec rC++ MR+ Str+4}
rNeg   + . .     SustAt   .     (shield currently unavailable)
rPois  +         Gourm    .     Z - +2 hat {SInv}
rElec  +         Spirit   .     C - +2 cloak
rCorr  +         Warding  .     d - +2 pair of gloves {rF+}
rMut   .         Stasis   .     R - +4 centaur barding of the Jabberwock {Str+2}
MR     ++++.                    H - amulet of the Air {Inacc +Fly rElec EV+5 RMsl}
Stlth  ..........               w - ring "Japaq" {rPois rF++ rN+}
                                u - ring "Gofoupt" {Wiz MR+}

@: mighty, agile, liquid flames, resistant, heroism, glowing, repel missiles,
very quick, incredibly resistant to hostile enchantments, extremely unstealthy
A: hooves 3, icy blue scales 1, deformed body, speed 2, robust 1, spit poison 1,
tough skin 3, evolution 1, subdued magic 1
a: Spit Poison, Heroism, Finesse, Renounce Religion, Evoke Flight
0: Orb of Zot
}: 3/15 runes: serpentine, barnacled, silver


You escaped.
You worshipped Okawaru.
Okawaru was extremely pleased with you.
You were very full.

You visited 11 branches of the dungeon, and saw 57 of its levels.
You visited 1 bazaar.
You also visited: Labyrinth, Bailey, Ice Cave and Volcano.

You collected 8458 gold pieces.
You spent 3148 gold pieces at shops.

Inventory:

Hand Weapons
 a - the +12 Glaive of Prune (weapon) {chop}
   (Okawaru gifted it to you on level 15 of the Dungeon)

   It inflicts extra damage upon your enemies.
 b - a +5 blowgun
 S - a +3 bardiche of venom
Missiles
 y - 14 curare-tipped needles
 Q - 4 throwing nets (quivered)
Armour
 c - a +1 centaur barding of flying
 d - a +2 pair of gloves of fire resistance (worn)
 l - a +0 centaur barding of cold resistance
 q - the +9 plate armour "Lesaruh" (worn) {rElec rC++ MR+ Str+4}
   (You found it on level 3 of the Crypt)

   It affects your strength (+4).
   It greatly protects you from cold.
   It insulates you from electricity.
   It affects your resistance to hostile enchantments.
 C - a +2 cloak (worn)
 R - the +4 centaur barding of the Jabberwock (worn) {Str+2}
   (You acquired it on level 2 of the Lair of Beasts)

   It affects your strength (+2).
 Y - the +12 plate armour of Idealism {Dex+4}
   (You found it on level 3 of the Crypt)

   It affects your dexterity (+4).
 Z - a +2 hat of see invisible (worn)
Jewellery
 u - the ring "Gofoupt" (left hand) {Wiz MR+}
   (You found it on level 11 of the Dungeon)

   [ring of wizardry]

   It improves your spell success rate.
   It affects your resistance to hostile enchantments.
 v - the ring "Jianonke" {EV+2 Int+2 Dex+5}
   (You found it on level 2 of the Elven Halls)

   [ring of evasion]

   It affects your evasion (+2).
   It affects your intelligence (+2).
   It affects your dexterity (+5).
 w - the ring "Japaq" (right hand) {rPois rF++ rN+}
   (You found it on level 3 of the Crypt)

   [ring of positive energy]

   It greatly protects you from fire.
   It protects you from poison.
   It protects you from negative energy.
 H - the amulet of the Air (around neck) {Inacc +Fly rElec EV+5 RMsl}
   (You bought it in a shop on level 2 of the Snake Pit)

   [amulet of inaccuracy]

   It reduces the accuracy of all your attacks.
   It affects your evasion (+5).
   It insulates you from electricity.
   It lets you fly.
   It protects you from missiles.
Wands
 g - a wand of disintegration (12)
 B - a wand of hasting (3)
 F - a wand of teleportation (5)
 I - a wand of disintegration (4)
 P - a wand of digging (16)
 V - a wand of heal wounds (6)
Scrolls
 h - a scroll of fear
 j - 4 scrolls of enchant armour
 k - 9 scrolls of fog
 m - 8 scrolls of recharging
 s - 13 scrolls of remove curse
 A - 6 scrolls of magic mapping
 D - a scroll of amnesia
 E - 6 scrolls of blinking
 T - 8 scrolls of identify
 U - 19 scrolls of teleportation
 X - 11 scrolls of enchant weapon
Potions
 e - 12 potions of haste
 f - 23 potions of curing
 o - 3 potions of berserk rage
 p - 2 potions of cure mutation
 r - a potion of flight
 t - 5 potions of heal wounds
 x - 10 potions of agility
 z - 5 potions of cancellation
 L - 3 potions of might
 N - 3 potions of magic
 W - 6 potions of resistance
Books
 O - a book of Battle

   Spells                             Type                      Level
   a - Infusion                       Charms                       1
   b - Shroud of Golubria             Charms/Translocation         2
   c - Song of Slaying                Charms                       2
   d - Spectral Weapon                Hexes/Charms                 3
   e - Regeneration                   Charms/Necromancy            3
Comestibles
 G - 7 meat rations
 K - 11 beef jerkies


   Skills:
 - Level 26.0(27) Fighting
 - Level 20.2(25.2) Polearms
 - Level 22.3(27) Armour
 + Level 15.0(20.0) Dodging
 - Level 1.5 Spellcasting
   Level 2.6 Charms
 - Level 8.0 Invocations


You had 29 spell levels left.
You didn't know any spells.

Dungeon Overview and Level Annotations

Branches:
Dungeon (15/15)            Temple (1/1) D:4            Lair (8/8) D:11
 Shoals (4/4) Lair:6        Snake (4/4) Lair:5          Orc (4/4) D:9
    Elf (3/3) Orc:4        Vaults (5/5) D:14          Crypt (3/3) Vaults:2
   Tomb (0/3) Crypt:3      Depths (5/5) D:15            Zot (5/5) Depths:5
  Slime: Lair:6-8

Altars:
Ashenzari
Cheibriados
Dithmenos
Elyvilon
Fedhas
Gozag
Kikubaaqudgha
Makhleb
Nemelex Xobeh
Okawaru
Qazlal
Ru
Sif Muna
Trog
Vehumet
Xom
Yredelemnul
Zin
The Shining One
Beogh

Shops:
D:5 }   D:7 !   D:8 =   D:15 (?(}   Orc:1 ?   Orc:4 =([!*   Elf:1 [   Elf:3 ?
Shoals:3 [   Snake:2 ![!=   Snake:3 (   Depths:4 !   Depths:5 (

Portals:
Hell: Depths:1 Depths:2 Depths:3 Depths:4 Depths:5
Abyss: Depths:2 Depths:4 Depths:5
Pandemonium: Depths:3
Ziggurat: Depths:1

Annotations:
D:15 exclusion: Roxanne, Roxanne
Lair:8 exclusion: oklob plant
Elf:2 3 runed doors
Depths:2 8 runed doors


Innate Abilities, Weirdness & Mutations

You have hooves in place of feet.
Armour fits poorly on your strangely shaped body.
You cover ground very quickly.
You have extremely tough skin (AC +3).
You are partially covered in icy blue scales (AC +1).
You are robust (+10% HP).
You can spit weak poison.
You evolve.
Your spells are a little easier to cast, but a little less powerful.


Message History

You are covered in liquid flames!
Drink which item? (? for menu, Esc to quit)
You feel protected.
You are covered in liquid flames!
The hell hog sprays you with burning goo.
The sticky flame hits you! You resist.
You are covered in liquid flames!
The hell hog misses you. The hell hog barely misses you.
The hell hog sprays you with burning goo.
The sticky flame hits you!
You are covered in liquid flames!
Drink which item? (? for menu, Esc to quit)
Okay, then.
You are covered in liquid flames!
HP restored.
The hell hog bites you but does no damage.
The hell hog sprays you with burning goo.
The sticky flame hits you!
You are covered in liquid flames!
You have escaped!

#.........#
#.........#
#.........#
#.........#
#.........#
#.........#
#.........#
#...hh....#
#....@....#
###########


You could see 2 hell hogs.

Vanquished Creatures
  4 orbs of fire (Zot:5)
  Mara (Crypt:1)
  Mennas (Vaults:3)
  6 ancient liches
  Margery (Depths:4)
  Vashnia (Snake:2)
  2 curse toes
  A Killer Klown (Zot:5)
  8 golden dragons
  Nikola (Snake:2)
  Jory (Depths:4)
  A bone dragon (Crypt:3)
  4 electric golems
  Jorgrun (Crypt:1)
  Rupert (D:12)
  24 Orb Guardians
  6 tentacled monstrosities
  7 liches
  6 titans (Vaults:5)
  2 deep elf master archers (Elf:3)
  A quicksilver dragon (shapeshifter) (Vaults:5)
  2 deep elf blademasters (Elf:3)
  2 quicksilver dragons (Vaults:5)
  An octopode crusher (Depths:1)
  9 death cobs
  8 sphinxes
  Agnes (D:15)
  9 shadow dragons
  3 ancient champions
  8 storm dragons
  5 tengu reavers
  13 greater nagas
  2 draconian monks
  Ilsuiw (Shoals:3)
  Wiglaf (Vaults:3)
  2 revenants (Crypt:2)
  9 fire giants
  9 frost giants
  Donald (Orc:3)
  Maud (Lair:7)
  4 draconian knights
  2 orc warlords
  7 deep elf sorcerers
  2 iron dragons (Vaults:5)
  Aizul (Depths:2)
  3 ghost moths
  Louise (Shoals:1)
  2 draconian scorchers
  13 vault wardens
  4 curse skulls
  3 draconian zealots (Depths:5)
  6 war gargoyles
  24 ghouls
  A reaper (Crypt:3)
  2 draconian annihilators (Zot:5)
  2 spriggan defenders (Depths:3)
  12 ironheart preservers
  24 stone giants
  8 vampire knights
  3 draconian callers
  6 mottled draconians
  4 green draconians
  15 very ugly things
  Nessos (Orc:3)
  8 deep elf annihilators
  5 black draconians
  9 deep elf demonologists
  6 white draconians
  2 yellow draconians
  4 salamander stormcallers (Vaults:5)
  5 red draconians
  A dire elephant (D:15)
  3 purple draconians
  7 eidola (Crypt:1)
  14 ettins
  8 merfolk javelineers
  9 deep elf death magi
  14 fire dragons
  4 crystal guardians
  A minotaur (Lab)
  7 merfolk impalers
  33 vault guards
  4 jiangshi
  Josephine (Lair:8)
  23 yaktaur captains
  4 deep elf high priests
  6 great orbs of eyes
  5 entropy weavers
  Fannar (D:12)
  13 ice dragons
  Harold (D:12)
  26 naga warriors
  6 rakshasas
  14 anacondas
  6 hydras
  2 spriggan air magi
  12 ogre magi
  2 merfolk aquamancers (Shoals:4)
  9 tengu warriors
  An anaconda (shapeshifter) (Vaults:5)
  7 dancing weapons
  7 merfolk avatars
  4 satyrs
  2 death knights
  An alligator snapping turtle (Shoals:4)
  9 vampire magi
  6 centaur warriors
  14 naga sharpshooters
  5 spriggan berserkers
  10 deep troll shamans
  A titan zombie (Crypt:3)
  11 shock serpents
  6 deep troll earth magi
  The ghost of hmm the Insei, a novice OpTm of Sif Muna (D:8)
  24 hell knights
  4 orc high priests
  Sonja (Lair:4)
  2 soul eaters
  3 iron trolls
  2 titan skeletons (Crypt:3)
  A sea snake (shapeshifter) (Vaults:3)
  4 salamander mystics
  4 shadow wraiths
  3 fire crabs
  11 deep elf knights
  33 skeletal warriors
  A shadow demon (Depths:3)
  10 flayed ghosts
  An unseen horror (D:14)
  A lindwurm (shapeshifter) (Vaults:5)
  An anaconda skeleton (Crypt:3)
  9 deep elf summoners
  A ghost moth zombie (Crypt:1)
  23 orc knights
  A golden dragon zombie (Crypt:3)
  22 sea snakes
  6 giant orange brains
  20 harpies
  18 ironbrand convokers
  31 deep trolls
  A wizard (Vaults:1)
  6 naga ritualists
  60 ugly things
  Pikel (D:7)
  8 phantasmal warriors
  15 necromancers
  7 mana vipers
  17 deep elf conjurers
  10 wolf spiders
  2 oklob plants
  2 lindwurms (Depths:1)
  A wolf spider zombie (D:12)
  6 orc sorcerers
  10 cyclopes
  2 fire giant zombies
  3 hornets
  22 salamanders
  A stone giant zombie (Crypt:3)
  6 hill giants
  6 water nymphs
  13 manticores
  9 moths of wrath
  8 griffons
  18 fauns
  20 elephants
  6 guardian serpents
  A sixfirhy (Depths:3)
  2 dire elephant zombies (Crypt:1)
  Maurice (D:8)
  22 black mambas
  An iron dragon skeleton (Crypt:3)
  A fire giant skeleton (Depths:1)
  An eye of devastation (shapeshifter) (Depths:5)
  21 naga magi
  13 sirens
  8 vault sentinels
  3 ice statues (IceCv)
  A molten gargoyle (Volcano)
  A storm dragon simulacrum (Vaults:2)
  84 yaktaurs
  19 spiny frogs
  2 gargoyles
  A red draconian zombie (Crypt:1)
  15 komodo dragons
  3 human zombies
  2 emperor scorpion zombies
  A hellwing (Depths:3)
  A spriggan druid (Lair:8)
  8 fire drakes
  A yaktaur skeleton (Vaults:2)
  A redback zombie (D:15)
  2 harpy zombies (Shoals:1)
  4 freezing wraiths
  A kobold demonologist (D:11)
  6 tengu conjurers
  8 slime creatures
  17 deep elf priests
  A hydra zombie (Crypt:1)
  20 merfolk
  A wind drake (Shoals:2)
  13 trolls
  9 polar bears
  4 small abominations
  2 red devils (Depths:3)
  A tengu simulacrum (Vaults:2)
  A griffon zombie (Shoals:1)
  A moth of wrath zombie (Crypt:2)
  Prince Ribbit (D:7)
  6 bog bodies
  A raiju (shapeshifter) (Depths:2)
  20 two-headed ogres
  11 blink frogs
  An ettin skeleton (Vaults:2)
  29 flying skulls
  4 boulder beetles
  2 tarantellas
  Sigmund (D:5)
  A yak (shapeshifter) (Vaults:1)
  13 water elementals
  An ice dragon skeleton (Crypt:3)
  4 air elementals
  11 spriggans
  24 deep elf magi
  2 hogs (shapeshifter)
  13 snapping turtles
  3 wyverns
  4 vampires
  31 deep elf fighters
  7 wraiths
  2 hungry ghosts
  2 fire bats (shapeshifter)
  9 shadows
  42 vampire mosquitoes
  15 redbacks
  A human simulacrum (Vaults:2)
  46 yaks
  3 fire elementals (Volcano)
  2 fire bats (Volcano)
  6 wargs
  6 basilisks
  14 hippogriffs
  24 wolves
  Edmund (D:5)
  A soldier ant (D:14)
  73 nagas
  A swamp worm (Lair:1)
  A merfolk zombie (Crypt:2)
  11 necrophages
  A deep troll skeleton (Crypt:1)
  14 water moccasins
  2 black bears (shapeshifter)
  12 black bears
  11 ice beasts
  14 porcupines
  12 phantoms
  An orc zombie (Vaults:1)
  47 orc warriors
  A snapping turtle zombie (Crypt:3)
  A spriggan simulacrum (Depths:1)
  7 wasps
  A swamp drake (shapeshifter) (Depths:2)
  29 centaurs
  3 sky beasts
  22 boggarts
  2 swamp dragon zombies
  46 ogres
  A swamp dragon skeleton (Crypt:1)
  15 crocodiles
  A salamander zombie (Crypt:2)
  20 giant frogs
  2 big kobolds
  A glowing shapeshifter simulacrum (Vaults:3)
  3 wyvern skeletons
  2 human skeletons
  6 scorpions
  2 spriggan zombies
  A hippogriff zombie (Shoals:1)
  A hippogriff skeleton (Crypt:2)
  21 killer bees
  21 wights
  A warg skeleton (Crypt:2)
  6 crimson imps
  A giant frog zombie (D:6)
  2 electric eels (Snake:4)
  27 orc wizards
  6 centaur zombies
  6 jellies
  A quasit (D:2)
  2 lava snakes (Volcano)
  6 hounds
  A wolf skeleton (Crypt:2)
  4 centaur skeletons
  6 giant frog skeletons
  Crazy Yiuf (D:5)
  An iron imp (D:8)
  34 orc priests
  A soldier ant zombie (Crypt:1)
  A two-headed ogre zombie (Crypt:1)
  12 iguanas
  36 sheep
  11 worker ants
  A dwarf skeleton (Crypt:1)
  A hound zombie (D:9)
  A hound skeleton (D:10)
  2 worker ant zombies
  11 gnolls
  79 river rats
  A white imp (Vaults:3)
  13 adders
  7 shadow imps
  An adder zombie (D:9)
  A lava snake skeleton (Crypt:1)
  8 worms
  4 giant geckos
  185 orcs
  A bat zombie (Shoals:1)
  3 giant cockroaches
  9 goblins
  7 hobgoblins
  19 jackals
  2 quokkas
  6 ball pythons
  5 bats
  A giant gecko skeleton (D:8)
  2 giant newts
  A jackal skeleton (D:5)
  24 kobolds
  A kobold zombie (Crypt:2)
  2 quokka skeletons
  6 rats
  A river rat skeleton (Crypt:1)
  2 crawling corpses
  6 fire vortices (Vaults:5)
  2 plants (Shoals:4)
2833 creatures vanquished.

Vanquished Creatures (others)
  Boris (Vaults:2)
  An eldritch tentacle (Vaults:5)
  A vault warden (Vaults:5)
  2 deep elf knights (Elf:1)
  A deep elf conjurer (Vaults:5)
  A moth of wrath (Zot:5)
  A merfolk (Shoals:4)
  A deep elf priest (Vaults:5)
  A redback (Lair:8)
  A naga (Depths:1)
  A boggart (Depths:4)
  A scorpion (D:4)
  A hound (D:7)
  An iron imp (Zot:5)
  2 orc wizards
  A worm (D:4)
  An orc (Elf:1)
  A bush (Lair:8)
  A crawling corpse (Elf:3)
  91 eldritch tentacle segments (Vaults:5)
  29 fungi
  5 lost souls
  65 plants
211 creatures vanquished.

Grand Total: 3044 creatures vanquished

Notes
Turn   | Place    | Note
--------------------------------------------------------------
     0 | D:1      | Kellhus the Centaur Skald began the quest for the Orb.
     0 | D:1      | Reached XP level 1. HP: 17/17 MP: 3/3
   458 | D:1      | Reached XP level 2. HP: 2/24 MP: 4/4
  1271 | D:1      | Reached skill level 3 in Polearms
  1435 | D:2      | Reached XP level 3. HP: 25/29 MP: 1/5
  2436 | D:3      | Reached XP level 4. HP: 36/36 MP: 6/6
  2645 | D:4      | Reached skill level 4 in Polearms
  3041 | D:4      | Reached XP level 5. HP: 37/41 MP: 3/7
  3050 | D:4      | Noticed an ice beast
  3251 | D:4      | Reached skill level 5 in Polearms
  3548 | D:4      | Killed an ice beast
  3548 | D:4      | Reached XP level 6. HP: 40/48 MP: 4/8
  3625 | D:4      | Found a sacrificial altar of Ru.
  3627 | D:4      | Found a deep blue altar of Sif Muna.
  3653 | D:4      | Found a white marble altar of Elyvilon.
  3849 | D:4      | Reached skill level 6 in Polearms
  4088 | D:4      | Found a staircase to the Ecumenical Temple.
  4097 | Temple   | Entered the Ecumenical Temple
  4339 | Temple   | Became a worshipper of Warmaster Okawaru
  4572 | D:5      | Entered Level 5 of the Dungeon
  4822 | D:5      | Found Wotunteqa's Quality Used Wands.
  4891 | D:5      | Noticed Crazy Yiuf
  4915 | D:5      | Killed Crazy Yiuf
  4954 | D:5      | Reached skill level 7 in Polearms
  4954 | D:5      | Reached XP level 7. HP: 49/55 MP: 6/9
  4982 | D:5      | Reached * piety under Okawaru
  5274 | D:5      | Noticed Edmund
  5426 | D:5      | Killed Edmund
  5426 | D:5      | Reached skill level 8 in Polearms
  5542 | D:5      | Noticed Sigmund
  5564 | D:5      | Killed Sigmund
  5564 | D:5      | Reached ** piety under Okawaru
  5612 | D:5      | Reached XP level 8. HP: 43/66 MP: 4/10
  6229 | D:6      | Reached skill level 5 in Fighting
  6782 | D:6      | Reached skill level 9 in Polearms
  7258 | D:7      | Reached *** piety under Okawaru
  7405 | D:7      | Found Yvorha's Distillery.
  7451 | D:7      | Noticed Prince Ribbit
  7477 | D:7      | Killed Prince Ribbit
  7477 | D:7      | Reached XP level 9. HP: 55/74 MP: 6/11
  7565 | D:7      | Reached skill level 10 in Polearms
  7720 | D:7      | Noticed Pikel
  7748 | D:7      | Killed Pikel
  8114 | D:7      | Identified a scroll of acquirement
  8115 | D:7      | Got a shimmering lajatang
  8116 | D:7      | Identified the +3 lajatang of Objectivity {freeze, MR+} (You acquired it on level 7 of the Dungeon)
  8131 | D:8      | Noticed hmm's ghost (novice OpTm)
  8305 | D:7      | Reached skill level 11 in Polearms
  8788 | D:8      | Reached **** piety under Okawaru
  8859 | D:8      | Found a flagged portal.
  8955 | Bailey   | Entered a bailey
  8960 | Bailey   | Noticed an orc warlord
  9461 | Bailey   | Found a runed gate.
  9464 | Bailey   | Found a runed gate.
  9526 | Bailey   | Found a runed gate.
 10386 | Bailey   | Killed an orc warlord
 10386 | Bailey   | Reached XP level 10. HP: 82/90 MP: 12/12
 10845 | D:8      | Killed hmm's ghost
 10850 | D:8      | Reached skill level 12 in Polearms
 10931 | D:8      | Found Beuddure's Jewellery Boutique.
 11057 | D:8      | Noticed Maurice
 11309 | D:8      | Killed Maurice
 11309 | D:8      | Reached ***** piety under Okawaru
 11758 | D:8      | Reached skill level 10 in Fighting
 11949 | D:9      | Reached skill level 1 in Armour
 12379 | D:9      | Found a staircase to the Orcish Mines.
 12943 | D:10     | Entered Level 10 of the Dungeon
 13013 | D:10     | Reached XP level 11. HP: 63/99 MP: 13/13
 13451 | D:10     | Reached XP level 12. HP: 101/106 MP: 14/14
 14981 | D:11     | Received a gift from Okawaru
 15617 | D:11     | Got a distressingly furry buckler
 15623 | D:11     | Identified the +3 buckler of Virtue {rC+ rCorr Dex+3} (You found it on level 11 of the Dungeon)
 16214 | D:11     | Found a staircase to the Lair.
 16227 | D:11     | Reached skill level 13 in Polearms
 16237 | D:11     | Got a serpentine bronze ring
 16239 | D:11     | Identified the ring "Gofoupt" {Wiz MR+} (You found it on level 11 of the Dungeon)
 16370 | Lair:1   | Entered Level 1 of the Lair of Beasts
 16521 | Lair:1   | Noticed a four-headed hydra
 16567 | Lair:1   | Killed a four-headed hydra
 16567 | Lair:1   | Reached ****** piety under Okawaru
 16862 | Lair:1   | Gained mutation: You are partially covered in icy blue scales (AC +1). [potion of beneficial mutation]
 17000 | Lair:1   | HP: 1/106 [polar bear (6)]
 17133 | Lair:1   | Received a gift from Okawaru
 17524 | Lair:2   | Reached skill level 14 in Polearms
 17538 | Lair:2   | Found a labyrinth entrance.
 17547 | Lab      | Entered a labyrinth
 17768 | Lab      | Noticed a minotaur
 17959 | Lab      | Killed a minotaur
 19173 | Lair:3   | Reached XP level 13. HP: 107/116 MP: 15/15
 20207 | Lair:4   | Noticed Sonja
 20216 | Lair:4   | Killed Sonja
 20261 | Lair:4   | Received a gift from Okawaru
 20723 | Lair:4   | Reached skill level 1 in Invocations
 21576 | Lair:5   | Found a staircase to the Snake Pit.
 21858 | Lair:5   | Reached skill level 5 in Invocations
 22577 | Lair:6   | Found a staircase to the Shoals.
 24299 | Lair:7   | Received a gift from Okawaru
 24428 | Lair:7   | Reached XP level 14. HP: 50/129 MP: 20/20
 25447 | Lair:8   | Entered Level 8 of the Lair of Beasts
 25447 | Lair:8   | Noticed Maud
 25587 | Lair:7   | Killed Maud
 26722 | Lair:8   | Noticed Josephine
 26888 | Lair:8   | Reached skill level 15 in Fighting
 27035 | Lair:8   | Received a gift from Okawaru
 27968 | Lair:8   | Got a steaming longbow
 28081 | Lair:8   | Killed Josephine
 28081 | Lair:8   | Received a gift from Okawaru
 28081 | Lair:8   | Reached skill level 16 in Fighting
 29037 | D:12     | Noticed Rupert
 29152 | D:12     | Noticed Harold
 29191 | D:12     | Killed Harold
 29294 | D:12     | Paralysed by Rupert for 2 turns
 29328 | D:12     | Killed Rupert
 29578 | D:12     | Noticed Fannar
 29613 | D:12     | Killed Fannar
 29613 | D:12     | Reached XP level 15. HP: 105/146 MP: 21/21
 29999 | D:12     | Reached skill level 17 in Fighting
 30257 | Orc:1    | Entered Level 1 of the Orcish Mines
 30293 | Orc:1    | Found Kuogom's Magic Scroll Boutique.
 30447 | Orc:1    | Found a roughly hewn altar of Beogh.
 31189 | Orc:3    | Noticed Nessos
 31209 | Orc:3    | Received a gift from Okawaru
 31216 | Orc:3    | Found a dark tunnel.
 31245 | Volcano  | Entered a volcano
 31765 | Volcano  | Found a burning altar of Makhleb.
 32176 | Orc:3    | Killed Nessos
 32434 | Orc:3    | Noticed Donald
 32900 | Orc:3    | Killed Donald
 33516 | Orc:4    | Entered Level 4 of the Orcish Mines
 33516 | Orc:4    | Found a staircase to the Elven Halls.
 33695 | Orc:4    | Found Ajulaen's General Store.
 33760 | Orc:4    | Found a frozen archway.
 33770 | IceCv    | Entered an ice cave
 35129 | Orc:4    | Reached skill level 18 in Fighting
 35568 | Orc:4    | Found Qyentis's Weapon Emporium.
 35568 | Orc:4    | Found Beggooh's Armour Shop.
 35572 | Orc:4    | Found Qimod's Distillery.
 35574 | Orc:4    | Found Voecob's Jewellery Shoppe.
 37637 | D:14     | Found a gate to the Vaults.
 38304 | D:14     | Reached skill level 10 in Armour
 38503 | D:15     | Entered Level 15 of the Dungeon
 38685 | D:15     | Noticed Agnes
 38712 | D:15     | Killed Agnes
 38749 | D:15     | Reached XP level 16. HP: 101/157 MP: 17/22
 38816 | D:15     | Found Qaunull's Weapon Emporium.
 38945 | D:15     | Received a gift from Okawaru
 39120 | D:15     | Found Ylotyn's Magic Scroll Emporium.
 39128 | D:15     | Bought a scroll of blinking for 75 gold pieces
 39295 | D:15     | Found an opulent altar of Gozag.
 39298 | D:15     | Found Ruone's Gadget Shop.
 39357 | D:15     | Found Fap Yniucsi's Antique Weapon Shop.
 39537 | D:15     | Found a staircase to the Depths.
 39621 | D:15     | Noticed Roxanne
 39957 | Snake:1  | Entered Level 1 of the Snake Pit
 40140 | Snake:1  | Reached skill level 15 in Polearms
 40582 | Snake:2  | Found Yhadesh's Jewellery Emporium.
 40585 | Snake:2  | Bought the amulet of the Air {Inacc +Fly rElec EV+5 RMsl} for 856 gold pieces
 40592 | Snake:2  | Found Cibletra's Distillery.
 40595 | Snake:2  | Bought a potion of heal wounds for 80 gold pieces
 41010 | Snake:2  | Received a gift from Okawaru
 41647 | Snake:2  | Noticed Vashnia
 41647 | Snake:2  | Noticed Nikola
 41669 | Snake:2  | Killed Nikola
 41727 | Snake:2  | Killed Vashnia
 42225 | Snake:2  | Found Hufeipy's Distillery.
 42250 | Snake:2  | Received a gift from Okawaru
 42333 | Snake:2  | Found Icsah's Armour Shop.
 43479 | Snake:3  | Reached XP level 17. HP: 101/163 MP: 23/23
 43783 | Snake:3  | Found Caages's Antique Weapon Shoppe.
 44497 | Snake:2  | Received a gift from Okawaru
 45425 | Snake:4  | Entered Level 4 of the Snake Pit
 45858 | Snake:4  | HP: 7/163 [mana viper (7)]
 46849 | Snake:4  | Received a gift from Okawaru
 48091 | Snake:4  | Received a gift from Okawaru
 48091 | Snake:4  | Reached skill level 19 in Polearms
 48095 | Snake:4  | Got a slimy centaur barding {god gift}
 48151 | Snake:3  | Identified the +1 centaur barding "Genac" {rPois rF- rC+ Stlth+} (Okawaru gifted it to you on level 4 of the Snake Pit)
 49280 | Snake:4  | Reached XP level 18. HP: 120/172 MP: 24/24
 49300 | Snake:4  | Found a basalt altar of Yredelemnul.
 50170 | Snake:4  | Got a serpentine rune of Zot
 50568 | Shoals:1 | Entered Level 1 of the Shoals
 51092 | Shoals:1 | Gained mutation: You can spit weak poison. [potion of beneficial mutation]
 51093 | Shoals:1 | Gained mutation: You are robust (+10% HP). [potion of beneficial mutation]
 51172 | Shoals:1 | Noticed Louise
 51181 | Shoals:1 | Killed Louise
 51251 | Shoals:1 | Reached skill level 20 in Polearms
 51391 | Shoals:1 | Got a shimmering plate armour
 51402 | Shoals:1 | Identified the +10 plate armour of Terror {Int+8} (You found it on level 1 of the Shoals)
 51863 | Shoals:2 | Got an ancient ring mail
 51874 | Shoals:2 | Identified the +3 ring mail "Efus" {MR++ Stlth+} (You found it on level 2 of the Shoals)
 52154 | Shoals:2 | Received a gift from Okawaru
 52896 | Shoals:3 | Found Itwog's Armour Boutique.
 53951 | Shoals:4 | Entered Level 4 of the Shoals
 54061 | Shoals:4 | Received a gift from Okawaru
 54276 | Shoals:4 | Got a barnacled rune of Zot
 54354 | Shoals:4 | Received a gift from Okawaru
 54470 | Shoals:4 | Noticed Ilsuiw
 54917 | Shoals:3 | Killed Ilsuiw
 55447 | Shoals:4 | Reached XP level 19. HP: 168/196 MP: 25/25
 56342 | Lair:2   | Got a distressingly furry centaur barding
 56353 | Lair:2   | Identified the +4 centaur barding of the Jabberwock {Str+2} (You acquired it on level 2 of the Lair of Beasts)
 56580 | Vaults:1 | Entered Level 1 of the Vaults
 57349 | Vaults:1 | Identified a +0 rod of destruction (13/13) (You found it on level 1 of the Vaults)
 57410 | Vaults:1 | Received a gift from Okawaru
 58973 | Vaults:2 | Noticed Boris
 58996 | Vaults:2 | Killed Boris
 59717 | Vaults:2 | Reached skill level 15 in Armour
 59822 | Vaults:2 | Received a gift from Okawaru
 61319 | Vaults:2 | Found a staircase to the Crypt.
 61397 | Vaults:3 | Reached XP level 20. HP: 127/205 MP: 26/26
 61531 | Vaults:3 | Found a flickering gateway to a bazaar.
 61559 | Bazaar   | Entered a bazaar
 61559 | Bazaar   | Found Cearumor's Distillery.
 61567 | Bazaar   | Found Nofah's General Store.
 61578 | Bazaar   | Found Zumeoliwy's Antique Weapon Emporium.
 61589 | Bazaar   | Found Ziob's Gadget Shop.
 61597 | Bazaar   | Found Haomu's Antique Armour Shop.
 61605 | Bazaar   | Bought a glowing cloak for 126 gold pieces
 61648 | Bazaar   | Bought a potion of heal wounds for 70 gold pieces
 61648 | Bazaar   | Bought a potion of haste for 140 gold pieces
 61648 | Bazaar   | Bought a potion of haste for 140 gold pieces
 61648 | Bazaar   | Bought a potion of agility for 56 gold pieces
 61648 | Bazaar   | Bought a potion of mutation for 35 gold pieces
 61686 | Bazaar   | Bought 2 potions of agility for 88 gold pieces
 62446 | Vaults:4 | Noticed Wiglaf
 62595 | Vaults:3 | Killed Wiglaf
 62727 | Vaults:4 | Received a gift from Okawaru
 62957 | Vaults:4 | Received a gift from Okawaru
 63349 | Vaults:4 | Noticed Mennas
 63579 | Vaults:3 | Killed Mennas
 64214 | Vaults:4 | Got a distressingly furry ring mail
 64225 | Vaults:4 | Identified the +2 ring mail "Gidashrut" {-Cast rCorr Int+8 SInv} (You found it on level 4 of the Vaults)
 64417 | Crypt:1  | Entered Level 1 of the Crypt
 65187 | Crypt:1  | Noticed Mara
 65261 | Crypt:1  | Noticed Kellhus's illusion
 65264 | Crypt:1  | Killed Mara
 65264 | Crypt:1  | Reached XP level 21. HP: 155/213 MP: 21/27
 67153 | Crypt:1  | Received a gift from Okawaru
 67433 | Crypt:2  | Noticed Jorgrun
 67450 | Crypt:1  | Killed Jorgrun
 71371 | Crypt:1  | Received a gift from Okawaru
 71388 | Crypt:1  | Got a bone glaive {god gift}
 71389 | Crypt:1  | Identified the +10 glaive of Greed {flame, +Fly rElec} (Okawaru gifted it to you on level 1 of the Crypt)
 72325 | Crypt:3  | Entered Level 3 of the Crypt
 72817 | Crypt:3  | Reached XP level 22. HP: 212/229 MP: 28/28
 73078 | Crypt:3  | Found a basalt altar of Yredelemnul.
 73078 | Crypt:3  | Noticed an ancient lich
 73091 | Crypt:3  | Killed an ancient lich
 73143 | Crypt:3  | Got a fine plate armour
 73147 | Crypt:3  | Got a pitted plate armour
 73158 | Crypt:3  | Identified the +9 plate armour "Lesaruh" {rElec rC++ MR+ Str+4} (You found it on level 3 of the Crypt)
 73168 | Crypt:3  | Identified the +12 plate armour of Idealism {Dex+4} (You found it on level 3 of the Crypt)
 73293 | Crypt:3  | Received a gift from Okawaru
 73345 | Crypt:3  | Reached skill level 21 in Fighting
 73711 | Crypt:3  | Found a staircase to the Tomb.
 73730 | Crypt:3  | Got a translucent battleaxe
 73991 | Crypt:3  | Got a clouded platinum ring
 73993 | Crypt:3  | Identified the ring "Kozuun" {rElec rN+ Dex+2} (You found it on level 3 of the Crypt)
 73996 | Crypt:3  | Got a scorched platinum ring
 73997 | Crypt:3  | Identified the ring "Japaq" {rPois rF++ rN+} (You found it on level 3 of the Crypt)
 74003 | Crypt:3  | Got a transparent marble ring
 74005 | Crypt:3  | Identified the ring of Mycloc {rN+ Int+4 Dex+3} (You found it on level 3 of the Crypt)
 74442 | Elf:1    | Entered Level 1 of the Elven Halls
 74547 | Elf:1    | Found Hyf Gyon's Antique Armour Shop.
 75426 | Elf:1    | Got a dazzling mace {speed}
 75768 | Elf:1    | Reached skill level 22 in Fighting
 75894 | Elf:1    | Found a roughly hewn altar of Beogh.
 76312 | Elf:2    | Found a runed gate.
 76312 | Elf:2    | Found a runed gate.
 76312 | Elf:2    | Found a runed gate.
 76384 | Elf:2    | Got a pitted brass ring
 76387 | Elf:2    | Identified the ring "Jianonke" {EV+2 Int+2 Dex+5} (You found it on level 2 of the Elven Halls)
 76581 | Elf:3    | Entered Level 3 of the Elven Halls
 76672 | Elf:3    | Found Keita's Magic Scroll Boutique.
 76799 | Elf:3    | Received a gift from Okawaru
 77202 | Elf:3    | Received a gift from Okawaru
 77219 | Elf:3    | Got a blackened halberd {god gift}
 77367 | Elf:3    | Got a dazzling war axe {chop}
 77367 | Elf:3    | Got a sparkling tin amulet
 77369 | Elf:3    | Identified the amulet of the Skies Above {Clar rPois Int+4} (You took it off a deep elf annihilator on level 3 of the Elven Halls)
 77557 | Elf:3    | Reached XP level 23. HP: 216/247 MP: 29/29
 77570 | Elf:3    | Got an ancient scythe {venom}
 77575 | Elf:3    | Got a warped bronze ring
 77735 | Elf:3    | Reached skill level 23 in Fighting
 77798 | Elf:3    | Identified the ring of the Castellan {Ice rPois MR+ Dex+3} (You took it off a deep elf annihilator on level 3 of the Elven Halls)
 77833 | Elf:3    | Got an encrusted scale mail
 77862 | Elf:3    | Got a fine hand crossbow
 78170 | Elf:3    | Got a transparent hat
 78181 | Elf:3    | Identified the +0 hat of Pragmatism {rN+ Int-2 Dex+3} (You acquired it on level 3 of the Elven Halls)
 78236 | Elf:3    | Bought a scroll of acquirement for 936 gold pieces
 78236 | Elf:3    | Bought a scroll of recharging for 171 gold pieces
 78236 | Elf:3    | Bought a scroll of blinking for 135 gold pieces
 78554 | Depths:1 | Entered Level 1 of the Depths
 78588 | Depths:1 | Found a gateway to Hell.
 78620 | Depths:1 | Found a runed door.
 78625 | Depths:1 | Found a runed door.
 79064 | Depths:1 | Received a gift from Okawaru
 79070 | Depths:1 | Got a shimmering robe {god gift}
 80017 | Depths:1 | Found a gateway to a ziggurat.
 80297 | Depths:1 | Reached skill level 24 in Fighting
 81094 | Depths:2 | Noticed Aizul
 81102 | Depths:2 | Killed Aizul
 81831 | Depths:2 | Found a one-way gate to the infinite horrors of the Abyss.
 81873 | Depths:2 | Received a gift from Okawaru
 81904 | Depths:2 | Reached skill level 25 in Fighting
 82149 | Depths:2 | Found a large runed door.
 82153 | Depths:2 | Found a large runed door.
 82543 | Depths:2 | Found a large runed door.
 82547 | Depths:2 | Found a large runed door.
 82551 | Depths:2 | Found a large runed door.
 82589 | Depths:2 | Found a large runed door.
 82622 | Depths:2 | Found a large runed door.
 82626 | Depths:2 | Found a large runed door.
 82975 | Depths:3 | Reached XP level 24. HP: 127/267 MP: 29/29
 83385 | Depths:3 | Received a gift from Okawaru
 83635 | Depths:3 | Received a gift from Okawaru
 84178 | Depths:3 | Got a spiked chain mail
 84335 | Depths:3 | Found a one-way gate leading to the halls of Pandemonium.
 84338 | Depths:3 | Reached skill level 26 in Fighting
 84639 | Depths:3 | Received a gift from Okawaru
 84642 | Depths:3 | Got a dazzling centaur barding {god gift}
 84653 | Depths:3 | Identified the +3 centaur barding "Hupokail" {Int+3} (Okawaru gifted it to you on level 3 of the Depths)
 84973 | Depths:4 | Found Basmiuh's Distillery.
 84983 | Depths:4 | Bought a potion of heal wounds for 120 gold pieces
 84983 | Depths:4 | Bought a potion of heal wounds for 120 gold pieces
 85223 | Depths:4 | Noticed Margery
 85261 | Depths:4 | Killed Margery
 85595 | Depths:4 | Reached skill level 1 in Dodging
 85852 | Depths:4 | Noticed Jory
 85868 | Depths:4 | Killed Jory
 85990 | Depths:4 | Got a faintly glowing glaive {chop}
 85991 | Depths:4 | Identified the +3 glaive "Luzamiv" {chop, *Noise rN+ Int+4 SInv} (You took it off a vampire knight on level 4 of the Depths)
 86103 | Depths:4 | Reached skill level 5 in Dodging
 86202 | Depths:4 | Got a bloodstained chain mail
 86666 | Depths:5 | Entered Level 5 of the Depths
 86690 | Depths:5 | Received a gift from Okawaru
 86693 | Depths:5 | Got a citrine-encrusted plate armour {god gift}
 86704 | Depths:5 | Identified the +1 plate armour of Tenacity {rElec} (Okawaru gifted it to you on level 5 of the Depths)
 86972 | Depths:5 | Reached XP level 25. HP: 160/278 MP: 29/29
 87045 | Depths:5 | Found a gate to the Realm of Zot.
 87580 | Depths:5 | Found Dexumok's Antique Weapon Shoppe.
 88443 | Vaults:5 | Entered Level 5 of the Vaults
 88755 | Vaults:5 | Got a crude iron ring
 88756 | Vaults:5 | Identified the ring of Exhibitionism {EV+1 Str+5 Dex-3} (You found it on level 5 of the Vaults)
 88762 | Vaults:5 | Got a crystal quarterstaff {drain}
 88780 | Vaults:5 | Noticed an ancient lich
 88797 | Vaults:5 | Killed an ancient lich
 88994 | Vaults:5 | Received a gift from Okawaru
 89330 | Vaults:5 | Got a steaming lead ring
 89917 | Vaults:5 | Noticed an ancient lich
 89936 | Vaults:5 | Killed an ancient lich
 89939 | Vaults:5 | Noticed an ancient lich
 89960 | Vaults:5 | Killed an ancient lich
 90322 | Vaults:5 | Received a gift from Okawaru
 90560 | Vaults:5 | Reached XP level 26. HP: 269/287 MP: 29/29
 90626 | Vaults:5 | Got a shimmering spear {god gift}
 90758 | Vaults:5 | Identified the Catalogue of Good Luck
 91260 | Vaults:5 | Received a gift from Okawaru
 91294 | Vaults:5 | Got a steaming amber ring
 91295 | Vaults:5 | Identified the ring of Lady Luck {Fire +Fly rElec rPois Str+3} (You took it off a vault guard on level 5 of the Vaults)
 91297 | Vaults:5 | Identified the ring of Mysticism {+/*Tele rPois rF- rN++ Dex+4} (You took it off a tengu reaver on level 5 of the Vaults)
 91310 | Vaults:5 | Got a warped quarterstaff
 91627 | Vaults:5 | Got a silver rune of Zot
 92573 | Zot:1    | Entered Level 1 of the Realm of Zot
 93787 | Zot:5    | Entered Level 5 of the Realm of Zot
 93827 | Zot:4    | Received a gift from Okawaru
 94226 | Zot:4    | Reached skill level 10 in Dodging
 94887 | Zot:5    | Reached XP level 27. HP: 170/295 MP: 29/29
 94956 | Zot:5    | Noticed an ancient lich
 94969 | Zot:5    | Killed an ancient lich
 95249 | Zot:5    | Noticed an ancient lich
 95257 | Zot:5    | Killed an ancient lich
 95460 | Zot:5    | Noticed an orb of fire
 95471 | Zot:5    | Killed an orb of fire
 95485 | Zot:5    | Noticed an orb of fire
 95510 | Zot:5    | Gained mutation: Your spells are a little easier to cast, but a little less powerful. [an orb of fire]
 95511 | Zot:5    | Killed an orb of fire
 95516 | Zot:5    | Received a gift from Okawaru
 95600 | Zot:5    | Noticed an orb of fire
 95611 | Zot:5    | Killed an orb of fire
 95780 | Zot:5    | Got the Orb of Zot
 95838 | Zot:5    | Noticed an orb of fire
 95848 | Zot:5    | Gained mutation: You evolve. [an orb of fire]
 95861 | Zot:5    | Killed an orb of fire
 96340 | D:3      | Reached skill level 15 in Dodging
 96467 | D:$      | Escaped with the Orb!

Action                   |  1- 3 |  4- 6 |  7- 9 | 10-12 | 13-15 | 16-18 | 19-21 | 22-24 | 25-27 || total
-------------------------+-------+-------+-------+-------+-------+-------+-------+-------+-------++-------
Melee: Spear             |   219 |   190 |   627 |  1216 |  4727 |    78 |       |       |       ||  7057
       Trident           |       |       |    23 |       |       |       |       |       |       ||    23
       Glaive            |       |       |       |       |       |  1898 |  2474 |  2681 |  1633 ||  8686
Throw: Tomahawk          |       |       |    14 |       |       |       |       |       |       ||    14
       Throwing net      |       |       |       |       |       |     2 |       |       |       ||     2
 Cast: Infusion          |     6 |    20 |    35 |       |       |       |       |       |       ||    61
Invok: Heroism           |       |       |     1 |     1 |     9 |     7 |     9 |     4 |     8 ||    39
       Finesse           |       |       |       |       |     9 |     7 |     8 |     4 |    14 ||    42
 Abil: Stop Flying       |       |       |       |       |       |       |     1 |       |       ||     1
       Evoke Flight      |       |       |       |       |       |       |     1 |       |       ||     1
Evoke: Wand              |       |       |     1 |       |     1 |     1 |       |     2 |     3 ||     8
  Use: Scroll            |       |       |    17 |    11 |    12 |    10 |    12 |    13 |    15 ||    90
       Potion            |       |       |     1 |     4 |     1 |    10 |     4 |       |    10 ||    30
 Stab: Paralysed         |       |       |       |       |     3 |       |       |       |       ||     3
  Eat: Chunk             |     3 |     4 |    14 |    24 |    71 |    27 |    22 |    29 |     8 ||   202
       Bread ration      |       |     1 |     1 |       |     1 |     1 |     5 |     1 |    20 ||    30
       Pizza             |       |       |     1 |       |     3 |       |       |     1 |     1 ||     6
       Royal jelly       |       |       |       |       |     1 |     1 |       |       |     2 ||     4
       Fruit             |       |       |       |       |       |    16 |     4 |       |     9 ||    29
       Beef jerky        |       |       |       |       |       |     3 |     3 |     1 |     5 ||    12
       Meat ration       |       |       |       |       |       |       |     1 |     1 |     8 ||    10
